 Dungeon Crawl Stone Soup version 0.28-a0-984-g3775c662fe (webtiles) character file.

Game seed: 62155038191429316

0 meatgazer the Skirmisher (level 1, -16/18 HPs)
             Began as a Demonspawn Abyssal Knight on Dec 3, 2021.
             Was a Follower of Lugonu.
             Demolished by a tentacled starspawn (20 damage)
             ... on level 1 of the Abyss.
             The game lasted 00:00:33 (86 turns).

meatgazer the Skirmisher (Demonspawn Abyssal Knight)  Turns: 86, Time: 00:00:33

Health: -16/18     AC:  4    Str: 13    XL:     1   Next: 0%
Magic:  2/2        EV: 11    Int: 11    God:    Lugonu [*.....]
Gold:   0          SH:  0    Dex: 13    Spells: 0/0 levels left

rFire   . . .      SeeInvis .   a - +1 falchion
rCold   . . .      Faith    .   (no shield)
rNeg    . . .      Spirit   .   b - +1 leather armour
rPois   .          Reflect  .   (no helmet)
rElec   .          Harm     .   (no cloak)
rCorr   .          Rampage  .   (no gloves)
Will    .....                   (no boots)
Stlth   +.........              (no amulet)
HPRegen 0.06/turn               (no ring)
MPRegen 0.08/turn               (no ring)

@: no status effects
A: no striking features
a: Renounce Religion, Depart the Abyss


You were on level 1 of the Abyss.
You worshipped Lugonu.
Lugonu was aware of your devotion.
You visited 0 branches of the dungeon, and saw 0 of its levels.
You visited the Abyss 1 time.

Inventory:

Hand Weapons
 a - a +1 falchion (weapon)
Armour
 b - a +1 leather armour (worn)
Scrolls
 d - 2 scrolls of enchant armour


   Skills:
 + Level 3.0 Fighting
 + Level 1.7 Long Blades
 + Level 1.7 Armour
 + Level 0.8 Dodging
 + Level 2.4 Invocations


You couldn't memorise any spells.
You didn't know any spells.
Your spell library was empty.

Dungeon Overview and Level Annotations

Branches:
Dungeon (0/15)

Altars:


Message History

Welcome, meatgazer the Demonspawn Abyssal Knight.
Will you be the one to retrieve the marvelous Orb of Zot from the depths?
Lugonu says: Depart the Abyss and spread corruption, my servant! (use the ability menu to exit the Abyss) Press ? for a list of commands and other information.
Found a corrupted altar of Lugonu.
Found a gateway leading out of the Abyss.
Found 15 stones.
You see here 15 stones.
c - a scroll labelled FUHAAMILYU
d - 3 scrolls labelled XIACIA DUQAP A tentacled starspawn comes into view.
As you read the scroll labelled XIACIA DUQAP, it crumbles to dust.
It is a scroll of enchant armour.
Your +0 leather armour glows green for a moment.
As you read the scroll labelled FUHAAMILYU, it crumbles to dust.
You feel momentarily disoriented.
It was a scroll of magic mapping.
A tentacle flies out from the starspawn's body!
A starspawn tentacle comes into view.
A tentacle flies out from the starspawn's body!
A starspawn tentacle comes into view.
A small abomination comes into view.
You start waiting.
A tentacled starspawn is nearby!
Tentacles burst from the starspawn's body! 2 starspawn tentacles come into view.
You hit the tentacled starspawn.
The tentacled starspawn is lightly damaged.
The tentacled starspawn bites you!
Ouch! That really hurt!
The tentacled starspawn tentacle-slaps you.
* * * LOW HITPOINT WARNING * * *
Unknown command.
Unknown command.
You slash the tentacled starspawn!
The tentacled starspawn is lightly damaged.
The tentacled starspawn barely misses you.
The tentacled starspawn tentacle-slaps you!!
Ouch! That really hurt!
You die...

#.##..# . .#.#
#.#. # #....
... .. # # ###.
.## ##### #
##.##...###x#.#
...
.#.#.x##.##@# #
.. ####.#..wX##
..#. .
##...##w.##
##..#.
#.#..#....# ..#
..#####....## .
##.#. #...##
.#. .#. ....##
X#. ##.. .....
. ..... #.. .


You could see a tentacled starspawn and 2 starspawn tentacles.

Vanquished Creatures (others)
  4 starspawn tentacles (Abyss:1)
4 creatures vanquished.

Notes
Turn   | Place    | Note
-------+----------+-------------------------------------------
     0 | Abyss:1  | meatgazer the Demonspawn Abyssal Knight began the quest for
                  | the Orb.
     0 | Abyss:1  | Reached XP level 1. HP: 18/18 MP: 2/2
    33 | Abyss:1  | Noticed a tentacled starspawn
    66 | Abyss:1  | Noticed a small abomination
    86 | Abyss:1  | Demolished by a tentacled starspawn

Illustrated notes

Levels and vault maps discovered:
Abyss:1:  base: Temple, base:
Temple

Action                   || total
-------------------------++-------
Melee: Falchion          ||     2
  Use: Scroll            ||     2
Dodge: Dodged            ||     1

Table legend: (Time is in decaauts)
 A = Elapsed time spent in this place.
 B = Non-inter-level travel time spent in this place.
 C = Inter-level travel time spent in this place.
 D = Time resting spent in this place.
 E = Time spent auto-exploring this place.
 F = Levels seen in this place.
 G = Mean time per level.
                   A        B        C        D        E       F      G
               +--------+--------+--------+--------+--------+-----+--------+
         Total |     86 |     86 |      0 |      6 |     29 |   1 |   86.0 |
         Abyss |     86 |     86 |      0 |      6 |     29 |   1 |   86.0 |
               +--------+--------+--------+--------+--------+-----+--------+

Top non-repeatable levels by time:
 Abyss:1: 86 daAuts
